 Dungeon Crawl Stone Soup version 0.19-a0-1626-g5215c36 (webtiles) character file.

27 jacquesderrida the Insei (level 3, 0/18 HPs)
             Began as a Vine Stalker Skald on Sept 18, 2016.
             Was an Initiate of Okawaru.
             Slain by an iguana (5 damage)
             ... on level 4 of the Dungeon.
             The game lasted 00:02:35 (713 turns).

jacquesderrida the Insei (Vine Stalker Skald)        Turns: 713, Time: 00:02:36

Health: 0/18       AC:  6    Str: 14    XL:     3   Next: 10%
Magic:  0/7        EV:  9    Int: 12    God:    Okawaru [......]
Gold:   86         SH:  4    Dex: 14    Spells: 1 memorised, 5 levels left

rFire  . . .     SeeInvis .     n - +0 falchion
rCold  . . .     Gourm    .     o - +0 scale mail
rNeg   . . .     Faith    .     (no shield)
rPois  .         Spirit   +     (no helmet)
rElec  .         Dismiss  .     (no cloak)
rCorr  .         Reflect  +     (no gloves)
MR     .....     Harm     .     (no boots)
Stlth  ..........               g - +4 amulet of reflection
                                (no ring)
                                (no ring)

@: very slightly contaminated, invisible
A: fangs 2, magic shield, antimagic bite, no device heal 3, rot immunity
a: Renounce Religion


You were on level 4 of the Dungeon.
You worshipped Okawaru.
Okawaru was noncommittal.
You were not hungry.

You visited 1 branch of the dungeon, and saw 4 of its levels.

You collected 86 gold pieces.

Inventory:

Hand Weapons
 n - a +0 falchion (weapon)
Armour
 a - a +0 leather armour
 o - a +0 scale mail (worn)
Jewellery
 g - a +4 amulet of reflection (around neck)
 j - an uncursed amulet of faith {unknown}
Scrolls
 d - 3 scrolls of identify {unknown}
 e - 3 scrolls of enchant armour {unknown}
 f - a scroll of random uselessness {unknown}
 l - a scroll of fear {unknown}
 p - a scroll of fog {unknown}
Potions
 i - 3 potions of haste {unknown}
 k - a potion of might {unknown}
 q - a potion of invisibility
Books
 b - a book of Battle

   Spells                             Type                      Level
   a - Infusion                       Charms                       1
   b - Shroud of Golubria             Charms/Translocation         2
   c - Song of Slaying                Charms                       2
   d - Spectral Weapon                Hexes/Charms                 3
   e - Regeneration                   Charms/Necromancy            3
Comestibles
 c - 2 bread rations
 m - 5 fruits


   Skills:
 - Level 1.7 Fighting
 + Level 0.0 Long Blades
 - Level 0.7 Armour
 - Level 0.7 Dodging
 - Level 3.4 Unarmed Combat
 - Level 2.1 Spellcasting
 - Level 3.0 Charms


You had 5 spell levels left.
You knew the following spells:

 Your Spells              Type           Power        Failure   Level  Hunger
a - Infusion              Chrm           #...         34%         1    ##.....


Dungeon Overview and Level Annotations

Branches:
Dungeon (4/15)
 Temple: D:4-7

Altars:
Okawaru
The Shining One

Shops:
D:4 :


Innate Abilities, Weirdness & Mutations

You have extremely sharp teeth.
When hurt, damage is shared between your health and your magic reserves.
Your bite disrupts and absorbs the magic of your enemies.
Potions and wands cannot restore your health.
You are immune to rotting.


Message History

You are too injured to fight recklessly!
You are too injured to fight recklessly!
You are too injured to fight recklessly!
You are too injured to fight recklessly!
You are too injured to fight recklessly!
You are too injured to fight recklessly!
You are too injured to fight recklessly!
You are too injured to fight recklessly!
You are too injured to fight recklessly!
You are too injured to fight recklessly!
You are too injured to fight recklessly!
You are too injured to fight recklessly!
You are too injured to fight recklessly!
You are too injured to fight recklessly!
You are too injured to fight recklessly!
You are too injured to fight recklessly!
You barely miss the iguana. You bite the iguana, but do no damage.
The iguana is almost dead.
The iguana bites you.
You die...

#........##########...#
#........'........'...+
#........#####...##.∩.#
#........# #...##...#
#........# #...##...#
#........# #...##...#
#........# #...##...#
#.....!..#####...##...###
#####+#.@l...+...+.......
#.........# ########
#.........# #.........#
#.........# #.........#
#### #.........# #...
#.........# #... #...


You could see an iguana.

Vanquished Creatures
  A bat (D:3)
  A giant cockroach (D:2)
  5 goblins
  5 hobgoblins
  3 jackals (D:2)
  2 kobolds (D:3)
  A quokka (D:2)
  A frilled lizard (D:1)
  A jackal skeleton (D:4)
  2 rats
22 creatures vanquished.

Notes
Turn   | Place    | Note
-------+----------+-------------------------------------------
     0 | D:1      | jacquesderrida the Vine Stalker Skald began the quest for the Orb.
     0 | D:1      | Reached XP level 1. HP: 11/11 MP: 4/4
    74 | D:1      | Reached XP level 2. HP: 11/15 MP: 6/6
   189 | D:2      | Found a glowing golden altar of the Shining One.
   393 | D:2      | Reached XP level 3. HP: 10/18 MP: 7/7
   460 | D:3      | Found an iron altar of Okawaru.
   480 | D:3      | Became a worshipper of Warmaster Okawaru
   668 | D:4      | Found Mad Gasa's Book Shop.
   713 | D:4      | Slain by an iguana

Vault maps used:
D:1:      mrwooster_arrival_statue, minivault_24, st_stairs_7
D:2:      nicolae_overflow_crystal_walls, lemuel_round_altar
D:3:      okawaru_ov_weapons_minmay, first_bread
D:4:      lemuel_round_altar, serial_shops, shop

Skill      XL: |  1  2 |
---------------+-------+-----
Unarmed Combat | 3 |  3.4
Fighting       | |  1.7
Armour         | |  0.7
Dodging        | |  0.7
Spellcasting   | |  2.1
Charms         | |  3.0

Action                   || total
-------------------------++-------
Melee: Unarmed           ||    68
       Bite              ||    22
       Punch             ||     1
       Falchion          ||     8
 Cast: Infusion          ||     4
  Use: Potion            ||     2
 Stab: Invisible         ||     1
Armor: Leather armour    ||    15
Dodge: Dodged            ||    40
Block: Other             ||     9
